AoeStats
← OoginDoogin

Arabia

510924594Analyzed
1v1 RM · 5h ago on Oct 3, 2026· 50m 46s· 2 players
Game mode
Random Map
Map size
Tiny (2 player)
Population
200
Speed
Normal
Resources
Standard
Victory
Conquest
Starting age
Dark Age
Ending age
Imperial Age
RankedLock teamsTeams togetherTeam positionsShared explorationLock speedFull tech treeHidden civsTurbo modeCheats
Victory
Defeat
🇵🇪 Malians · Peru
982
+15
🇺🇸 Mongols · United States
970
-15
OoginDoogin
6:35 Loom
9:15 Feudal Age
11:21 Double-Bit Axe
14:57 Bloodlines
20:45 Castle Age
19:32 Horse Collar
21:33 Light Cavalry
23:13 Scale Barding Armor
28:20 Fletching
29:04 Bodkin Arrow
30:09 Bow Saw
30:33 Chain Barding Armor
38:00 Imperial Age
35:38 Man-at-Arms
36:32 Forging
36:22 Scale Mail Armor
36:20 Long Swordsman
37:49 Iron Casting
38:38 Squires
38:53 Two-Handed Swordsman
48:10 Blast Furnace
47:16 Gold Mining
tedyoso
7:13 Loom
9:31 Feudal Age
10:48 Double-Bit Axe
18:56 Castle Age
18:39 Horse Collar
19:38 Gold Mining
19:55 Town Watch
20:25 Bow Saw
21:31 Scale Mail Armor
22:16 Elite Skirmisher
23:29 Fletching
24:29 Bodkin Arrow
25:35 Forging
27:41 Chain Mail Armor
27:57 Pikeman
28:57 Heavy Plow
35:21 Imperial Age
33:36 Murder Holes
35:34 Ballistics
36:42 Iron Casting
37:12 Chemistry
37:53 Padded Archer Armor
38:42 Wheelbarrow
38:42 Town Patrol
39:25 Gold Shaft Mining
39:31 Crossbowman
40:17 Thumb Ring
43:14 Leather Archer Armor
43:58 Masonry
45:48 Ring Archer Armor
45:37 Bloodlines
45:54 Husbandry
46:27 Scale Barding Armor
45:51 Cavalier
48:02 Chain Barding Armor
48:57 Crop Rotation
48:59 Conscription
49:45 Hand Cart
51:41 Architecture
Connection lost

Rejoining the realm…

Still unreachable

The connection could not be restored.

Session expired

The server has moved on; the page needs a fresh start.